 Dungeon Sprint DCSS version 0.30-a0-778-g2ef04afb54 (webtiles) character file.

Game seed: 10842106477784858489

46706 retardedninja the Executioner (level 14, -5/155 HPs)
             Began as a Minotaur Fighter on Feb 15, 2023.
             Was a High Priest of Trog.
             Slain by a white very ugly thing (37 damage)
             ... while paralysed by a floating eye
             ... in the Dungeon (Sprint IX: "|||||||||||||||||||||||||||||").
             The game lasted 00:13:24 (5277 turns).

retardedninja the Executioner (Minotaur Fighter)    Turns: 5277, Time: 00:13:24

Health: -5/155     AC: 30    Str: 29    XL:     14   Next: 5%
Magic:  13/13      EV:  2    Int:  5    God:    Trog [*****.]
Gold:   1056       SH:  0    Dex: 10    Spells: 13/13 levels left

rFire   . . .      SeeInvis .    l - +7 broad axe (heavy)
rCold   . . .      Faith    .    A - +1 tower shield
rNeg    . . .      Spirit   .    n - +4 plate armour
rPois   .          Reflect  .    a - +0 hat {Will+}
rElec   .          Harm     .    z - +1 cloak
rCorr   .          Rampage  .    s - +0 pair of gloves
Will    ++++.      NoTele   +    m - +0 pair of boots Stlth
                                 (no amulet)
HPRegen 1.45/turn                p - +3 ring of strength
MPRegen 0.13/turn                o - +2 ring of evasion

@: paralysed, strong-willed, on berserk cooldown, regenerating, slowed
A: horns 2, retaliatory headbutt
a: Renounce Religion, Berserk, Trog's Hand, Brothers in Arms


You were in the Dungeon.
You worshipped Trog.
Trog was extremely pleased with you.
You visited 1 branch You collected 1662 gold pieces.
You spent 606 gold pieces at shops.

Inventory:

Hand Weapons
 l - a +7 heavy broad axe (weapon)
Missiles
 q - 4 datura-tipped darts (quivered)
Armour
 a - a +0 hat of willpower (worn)
 m - a +0 pair of boots (worn)
 n - a +4 plate armour (worn)
 s - a +0 pair of gloves (worn)
 z - a +1 cloak (worn)
 A - a +1 tower shield (worn)
Jewellery
 d - an amulet of faith
 o - a +2 ring of evasion (right hand)
 p - a +3 ring of strength (left hand)
Wands
 b - a wand of roots (4)
 r - a wand of flame (15)
Scrolls
 u - a scroll of identify
Potions
 e - 7 potions of curing
 f - a potion of heal wounds
 h - 4 potions of magic
 i - a potion of cancellation
 C - 3 potions of mutation


   Skills:
 + Level 22.4 Fighting
 + Level 24.2 Axes
 + Level 2.5 Throwing
 + Level 21.1 Armour
 + Level 4.2 Dodging
 + Level 5.9 Stealth
 + Level 22.3 Shields
 + Level 6.2 Evocations


You had 13 spell levels left.
You didn't know any spells.
Your spell library was empty.

Dungeon Overview and Level Annotations

Branches:
Dungeon (1/1)

Altars:
Cheibriados
Dithmenos
Elyvilon
Fedhas
Gozag
Hepliaklqana
Kikubaaqudgha
Makhleb
Nemelex Xobeh
Okawaru
Qazlal
Ru
Sif Muna
Trog
Uskayaw
Vehumet
Wu Jian
Xom
Yredelemnul
Zin
The Shining One
Jiyva
Lugonu

Shops:
D !?:!


Innate Abilities, Weirdness & Mutations

You have a pair of horns on your head.
You reflexively headbutt those who attack you in melee.


Message History

The hell knight hits you but does no damage.
The hell knight hits you from afar with a +0 glaive of flaming!
The hell knight burns you.
The white very ugly thing trunk-slaps you!
The white very ugly thing freezes you!!!
You can move again.
Your troll goes berserk!
You block the hell knight's attack. The floating eye seems to glare at you.
You block the hell knight's attack.
The white very ugly thing barely misses you.
You swap places.
The wizard casts a spell.
The wizard flickers and vanishes!
Deactivating autopickup; reactivate with Ctrl-A.
The floating eye gazes piercingly through you!
You shrug off the repeated paralysis!
Your troll bites the white very ugly thing!!
Your troll claws the white very ugly thing.
Your troll closely misses the white very ugly thing.
The white very ugly thing trunk-slaps your troll!!
The white very ugly thing freezes your troll!!!
Your troll dies!
Your troll's corpse disappears in a puff of smoke!
The floating eye seems to glare at you.
You feel much better. You block the hell knight's attack.
The deep troll earth mage casts a spell next to you.
The wall shatters!
The blast of rock fragments hits you but does no damage.
The floating eye gazes piercingly through you!
You suddenly lose the ability to move!
The white very ugly thing trunk-slaps you.
The white very ugly thing freezes you!!!
The hell knight hits you from afar with a +0 glaive of flaming.
The hell knight burns you.
The floating eye's stare focuses on you.
The white very ugly thing trunk-slaps you!
* * * LOW HITPOINT WARNING * * *
The white very ugly thing freezes you!!!
You die...

.▓.▓.▓.▓.▓.♣.♣.▓.▓
.▓.▓.▓.▓)▓=♣.♣.▓.▓
†▓.▓.▓.▓)▓.♣.♣.▓§▓
.▓.▓)▓.▓)▓.♣.♣.▓.▓
.▓.▓.▓.▓)▓.♣.♣.▓T▓
.▓.▓.▓.▓)▓.♣.♣.▓G▓
.▓.▓)▓.▓)▓.♣)♣.▓p▓
.▓.▓)▓.▓)▓.♣.♣.▓u▓
.▓.▓)▓.▓)▓.♣'♣.▓@▓
.▓.▓)▓.▓.▓.▓.▓.▓.▓
.▓.▓)▓.▓.▓.▓.▓.▓.▓
.▓.▓.▓.▓.▓.▓.▓.▓.▓
.▓.▓.▓.▓.▓.▓.▓.▓.▓
.▓.▓.▓.▓.▓)▓.▓.▓.▓
.▓.▓.▓.▓'▓)▓.▓.▓.▓
.▓.▓.▓.▓.▓.▓.▓.▓.▓
'▓.▓.▓.▓.▓.▓.▓.▓.▓


You could see a white very ugly thing, a hell knight (fast), a deep troll earth
mage and a floating eye (charged).

Vanquished Creatures
  Rupert (D)
  Gastronok (D)
  A nagaraja (D)
  2 frost giants (D)
  A broodmother (D)
  A stone giant (D)
  2 very ugly things (D)
  Nessos (D)
  Snorg (D)
  A merfolk impaler (D)
  2 entropy weavers (D)
  5 hydras (D)
  2 salamander tyrants (D)
  A merfolk avatar (D)
  A centaur warrior (D)
  A boulder beetle (D)
  Erica (D)
  A merfolk aquamancer (D)
  A deep troll shaman (D)
  A tengu warrior (D)
  Urug (D)
  A spriggan berserker (D)
  5 orc high priests (D)
  2 pharaoh ants (D)
  A goliath frog (D)
  A skyshark (D)
  2 sea snakes (D)
  2 orc knights (D)
  A steelbarb worm (D)
  A mana viper (D)
  2 ugly things (D)
  A wolf spider (D)
  A will-o-the-wisp (D)
  2 cyclopes (D)
  2 manticores (D)
  2 orc sorcerers (D)
  A moth of wrath (D)
  2 black mambas (D)
  A cane toad (shapeshifter) (D)
  A naga mage (D)
  2 gargoyles (D)
  6 cane toads (D)
  A rime drake (D)
  4 komodo dragons (D)
  2 merfolk (D)
  A wind drake (D)
  3 tyrant leeches (D)
  A blink frog (D)
  A dream sheep (D)
  A hornet (D)
  A slime creature (D)
  A spriggan (D)
  A wraith (D)
  Eustachio (D)
  A yak (D)
  2 vampire mosquitoes (D)
  An acid dragon (D)
  8 orc warriors (D)
  2 wolves (D)
  3 bullfrogs (D)
  A scorpion (D)
  A wight (D)
  A killer bee (D)
  A howler monkey (D)
  10 orc priests (D)
  5 orc wizards (D)
  An ufetubus (D)
  8 orcs (D)
  An endoplasm (D)
  2 kobolds (D)
  A quokka (D)
  A ball python (D)
  A rat (D)
137 creatures vanquished.

Vanquished Creatures (collateral kills)
  An eleionoma (D)
  An ettin (D)
  An entropy weaver (D)
  A hydra (D)
  A salamander tyrant (D)
  A ghost crab (D)
  A deep troll shaman (D)
  A swamp dragon (D)
  A tengu conjurer (D)
  A bloated husk (D)
  A naga (D)
11 creatures vanquished.

Vanquished Creatures (others)
  A troll (D)
  2 foxfires (D)
3 creatures vanquished.

Grand Total: 151 creatures vanquished

Notes
Turn   | Place    | Note
-------+----------+-------------------------------------------
     0 | D        | retardedninja the Minotaur Fighter began the quest for the
                  | Orb.
     0 | D        | Reached XP level 1. HP: 19/19 MP: 0/0
    30 | D        | Noticed a howler monkey
    30 | D        | Noticed a scorpion
    34 | D        | Killed a scorpion
    35 | D        | Reached skill level 4 in Axes
    35 | D        | Reached XP level 2. HP: 30/30 MP: 1/1
    35 | D        | Reached XP level 3. HP: 37/37 MP: 2/2
    39 | D        | Reached XP level 4. HP: 40/44 MP: 3/3
    49 | D        | Found a snail-covered altar of Cheibriados.
    49 | D        | Found a shadowy altar of Dithmenos.
    49 | D        | Found a white marble altar of Elyvilon.
    49 | D        | Found a blossoming altar of Fedhas.
    49 | D        | Found an opulent altar of Gozag.
    50 | D        | Found a hazy altar of Hepliaklqana.
    51 | D        | Found a viscous altar of Jiyva.
    52 | D        | Found an ancient bone altar of Kikubaaqudgha.
    53 | D        | Found a corrupted altar of Lugonu.
    54 | D        | Found a burning altar of Makhleb.
    55 | D        | Found a sparkling altar of Nemelex Xobeh.
    56 | D        | Found an iron altar of Okawaru.
    57 | D        | Found a stormy altar of Qazlal.
    58 | D        | Found a sacrificial altar of Ru.
    59 | D        | Found a shimmering blue altar of Sif Muna.
    60 | D        | Found a bloodstained altar of Trog.
    61 | D        | Found a hide-covered altar of Uskayaw.
    62 | D        | Found a radiant altar of Vehumet.
    63 | D        | Found an ornate altar of the Wu Jian Council.
    64 | D        | Found a shimmering altar of Xom.
    65 | D        | Found a basalt altar of Yredelemnul.
    66 | D        | Found a glowing silver altar of Zin.
    67 | D        | Found a glowing golden altar of the Shining One.
    68 | D        | Became a worshipper of Trog the Wrathful
   125 | D        | Noticed a wraith
   125 | D        | Noticed an acid dragon
   125 | D        | Noticed a troll
   125 | D        | Noticed an orc warrior
   127 | D        | Killed an orc warrior
   128 | D        | Reached skill level 5 in Axes
   128 | D        | Reached XP level 5. HP: 46/53 MP: 4/4
   129 | D        | Killed a troll
   130 | D        | Reached skill level 7 in Axes
   130 | D        | Reached XP level 6. HP: 43/63 MP: 5/5
   132 | D        | Killed an acid dragon
   133 | D        | Reached skill level 10 in Armour
   133 | D        | Reached skill level 10 in Shields
   133 | D        | Reached * piety under Trog
   134 | D        | Reached skill level 1 in Dodging
   134 | D        | Reached XP level 7. HP: 51/71 MP: 6/6
   136 | D        | Reached skill level 10 in Fighting
   136 | D        | Reached skill level 8 in Axes
   136 | D        | Killed a wraith
   137 | D        | Reached skill level 1 in Stealth
   176 | D        | Noticed an eight-headed hydra
   176 | D        | Noticed a boulder beetle
   176 | D        | Noticed an eight-headed hydra
   176 | D        | Noticed a slime creature
   176 | D        | Noticed a gargoyle
   176 | D        | Noticed a gargoyle
   182 | D        | Killed a gargoyle
   182 | D        | Reached ** piety under Trog
   183 | D        | Reached skill level 9 in Axes
   183 | D        | Killed a slime creature
   184 | D        | Reached XP level 8. HP: 41/82 MP: 7/7
   184 | D        | Killed a gargoyle
   184 | D        | Killed an eight-headed hydra
   185 | D        | Reached skill level 11 in Axes
   185 | D        | Reached XP level 9. HP: 47/92 MP: 8/8
   185 | D        | Killed an eight-headed hydra
   185 | D        | Reached *** piety under Trog
   186 | D        | Reached skill level 12 in Axes
   187 | D        | Killed a boulder beetle
   571 | D        | Noticed a komodo dragon
   571 | D        | Noticed a cane toad
   571 | D        | Noticed a komodo dragon
   571 | D        | Noticed a cane toad
   575 | D        | Killed a cane toad
   575 | D        | Reached **** piety under Trog
   575 | D        | Noticed a skyshark
   576 | D        | Reached skill level 13 in Axes
   576 | D        | Killed a komodo dragon
   581 | D        | Reached XP level 10. HP: 74/103 MP: 9/9
   583 | D        | Killed a cane toad
   585 | D        | Reached ***** piety under Trog
   586 | D        | Reached skill level 14 in Axes
   586 | D        | Killed a skyshark
   777 | D        | Noticed a seven-headed hydra
   779 | D        | Received a gift from Trog
   781 | D        | Noticed a cane toad
   782 | D        | Killed a nine-headed hydra
   782 | D        | Noticed a cane toad
   783 | D        | Reached skill level 15 in Fighting
   783 | D        | Reached skill level 15 in Axes
   783 | D        | Reached skill level 15 in Armour
   784 | D        | Noticed a five-headed hydra
   793 | D        | Killed a seven-headed hydra
   794 | D        | Reached skill level 16 in Axes
   796 | D        | Killed a cane toad
   800 | D        | Killed a cane toad
   801 | D        | Reached XP level 11. HP: 42/113 MP: 10/10
  1134 | D        | Received a gift from Trog
  1136 | D        | Reached skill level 15 in Shields
  1140 | D        | Reached ****** piety under Trog
  1141 | D        | Reached skill level 17 in Axes
  1141 | D        | Reached skill level 5 in Stealth
  1510 | D        | Noticed Eustachio
  1538 | D        | Killed Eustachio
  1562 | D        | Noticed Urug
  1570 | D        | Killed Urug
  1570 | D        | Received a gift from Trog
  1750 | D        | Received a gift from Trog
  1783 | D        | Noticed an orc knight
  1783 | D        | Noticed an orc knight
  1785 | D        | Noticed an orc sorcerer
  1789 | D        | Killed an orc knight
  1790 | D        | Reached skill level 18 in Axes
  1791 | D        | Received a gift from Trog
  1792 | D        | Killed an orc sorcerer
  1794 | D        | Noticed an orc sorcerer
  1796 | D        | Killed an orc knight
  1796 | D        | Received a gift from Trog
  1800 | D        | Killed an orc sorcerer
  1802 | D        | Reached skill level 5 in Evocations
  2126 | D        | Found Fuhy Poff's Distillery.
  2126 | D        | Noticed an orc high priest
  2128 | D        | Noticed an orc high priest
  2130 | D        | Found Taumecav's Book Shop.
  2132 | D        | Received a gift from Trog
  2135 | D        | Found Daeriaxi's Magic Scroll Boutique.
  2138 | D        | Killed an orc high priest
  2139 | D        | Reached skill level 19 in Axes
  2142 | D        | Found Xuyliuk's Distillery.
  2145 | D        | Killed an orc high priest
  2148 | D        | Noticed an orc high priest
  2149 | D        | Noticed an orc high priest
  2151 | D        | Noticed an orc high priest
  2153 | D        | Killed an orc high priest
  2156 | D        | Noticed a soul eater
  2162 | D        | Killed an orc high priest
  2165 | D        | Received a gift from Trog
  2172 | D        | Killed an orc high priest
  2173 | D        | Reached XP level 12. HP: 58/127 MP: 11/11
  2585 | D        | Bought a potion of berserk rage for 70 gold pieces
  2597 | D        | Bought a potion of curing for 30 gold pieces
  2597 | D        | Bought a potion of haste for 100 gold pieces
  2597 | D        | Bought a potion of cancellation for 80 gold pieces
  2597 | D        | Bought a potion of curing for 30 gold pieces
  2597 | D        | Bought a potion of might for 40 gold pieces
  2597 | D        | Bought a potion of curing for 30 gold pieces
  2597 | D        | Bought a potion of curing for 30 gold pieces
  2614 | D        | Bought a potion of haste for 140 gold pieces
  2614 | D        | Bought a potion of might for 56 gold pieces
  2638 | D        | Noticed Erica
  2645 | D        | Killed Erica
  2646 | D        | Reached skill level 20 in Axes
  2851 | D        | Noticed a tengu warrior
  2851 | D        | Noticed a six-headed hydra
  2851 | D        | Noticed a centaur warrior
  2858 | D        | Killed a centaur warrior
  2862 | D        | Killed an eight-headed hydra
  2862 | D        | Received a gift from Trog
  2874 | D        | Killed a tengu warrior
  2877 | D        | Noticed a frost giant
  2878 | D        | Noticed a frost giant
  2879 | D        | Noticed a deep troll shaman
  2882 | D        | Reached skill level 21 in Axes
  2882 | D        | Noticed a cyan very ugly thing
  2884 | D        | Noticed a white very ugly thing
  2886 | D        | Killed a frost giant
  2889 | D        | Killed a frost giant
  2889 | D        | Received a gift from Trog
  2892 | D        | Killed a cyan very ugly thing
  2893 | D        | Noticed an ettin
  2895 | D        | Killed a white very ugly thing
  2901 | D        | Killed a deep troll shaman
  2902 | D        | Received a gift from Trog
  2904 | D        | Killed an ettin
  2905 | D        | Reached skill level 22 in Axes
  3077 | D        | Noticed Rupert
  3085 | D        | Paralysed by Rupert for 4 turns
  3099 | D        | Killed Rupert
  3170 | D        | Noticed Snorg
  3176 | D        | Killed Snorg
  3186 | D        | Noticed Gastronok
  3193 | D        | Killed Gastronok
  3194 | D        | Reached XP level 13. HP: 140/140 MP: 12/12
  3211 | D        | Noticed Nessos
  3238 | D        | Killed Nessos
  3238 | D        | Received a gift from Trog
  3590 | D        | Noticed an eleionoma
  3597 | D        | Killed an eleionoma
  3621 | D        | Reached skill level 23 in Axes
  3642 | D        | Received a gift from Trog
  3920 | D        | Received a gift from Trog
  3945 | D        | Noticed a broodmother
  3958 | D        | Killed a broodmother
  3958 | D        | Received a gift from Trog
  4379 | D        | Received a gift from Trog
  4385 | D        | Noticed a merfolk impaler
  4417 | D        | Killed a merfolk impaler
  4417 | D        | Received a gift from Trog
  4418 | D        | Reached skill level 1 in Throwing
  4656 | D        | Noticed a nagaraja
  4662 | D        | Killed a nagaraja
  4670 | D        | Received a gift from Trog
  4724 | D        | Reached skill level 24 in Axes
  5252 | D        | Noticed a white very ugly thing
  5252 | D        | Noticed a stone giant
  5260 | D        | Reached XP level 14. HP: 155/155 MP: 13/13
  5264 | D        | Paralysed by a floating eye for 2 turns
  5269 | D        | Killed a stone giant
  5271 | D        | Paralysed by a floating eye for 2 turns
  5276 | D        | Paralysed by a floating eye for 2 turns
  5277 | D        | Slain by a white very ugly thing

Illustrated notes

Levels and vault maps discovered:
D:        linesprint [early_d, line_temple, items_1, d_10, items_2, lair_1,
          lair_end, items_3, orc_1, orc_end, items_4, d_15, swamp_1, shoals_1,
          snake_1, spider_1, d_20, vaults_1, items_5, swamp_end, shoals_end,
          snake_end, spider_end, vaults_end, d_27, items_6, zot_1, zot_end,
          crypt_end, forest_end, elf_end, slime_end, tomb_end, abyss_end,
          pan_hell_end]

Skill      XL: |  1  2  3  4  5  6  7  8  9 10 11 12 13 |
---------------+----------------------------------------+-----
Fighting       | 6 7 9 11 12 14 15 17 20 22 | 22.4
Armour         | 6 8 9 10 11 12 14 15 17 19 21 | 21.1
Shields        | 6 8 9 10 11 12 14 15 17 22 | 22.3
Axes           | 4 5 7 9 11 13 16 19 22 24 | 24.2
Dodging        | 1 2 3 4 |  4.2
Stealth        | 1 2 3 4 5 |  5.9
Evocations     | 2 3 4 5 6 |  6.2
Throwing       | 2 |  2.5

Action                     |  1- 3 |  4- 6 |  7- 9 | 10-12 | 13-15 || total
---------------------------+-------+-------+-------+-------+-------++-------
  Melee: War axe           |    15 |     4 |       |       |       ||    19
         Broad axe         |       |     7 |    14 |   176 |   130 ||   327
         Headbutt          |       |     2 |     1 |    34 |    27 ||    64
  Throw: Dart              |       |       |       |       |     5 ||     5
 Invoke: Brothers in Arms  |       |       |       |     1 |     9 ||    10
         Berserk           |       |       |       |       |     2 ||     2
         Trog's Hand       |       |       |       |       |     2 ||     2
  Evoke: Wand              |       |       |     7 |     4 |       ||    11
    Use: Potion            |     1 |     1 |     1 |    15 |     6 ||    24
         Scroll            |       |       |     6 |     4 |     5 ||    15
   Stab: Invisible         |       |     2 |       |     3 |       ||     5
 Armour: Scale mail        |     7 |     2 |       |       |       ||     9
         Plate armour      |       |     5 |     6 |    71 |    71 ||   153
  Dodge: Dodged            |     8 |    11 |    11 |    56 |    37 ||   123
  Block: Buckler           |     3 |     5 |     5 |    30 |       ||    43
         Tower shield      |       |       |       |    43 |   169 ||   212

Table legend: (Time is in decaauts)
 A = Elapsed time spent in this place.
 B = Non-inter-level travel time spent in this place.
 C = Inter-level travel time spent in this place.
 D = Time resting spent in this place.
 E = Time spent auto-exploring this place.
 F = Levels seen in this place.
 G = Mean time per level.
                   A        B        C        D        E       F      G
               +--------+--------+--------+--------+--------+-----+--------+
         Total |   5315 |   5315 |      0 |   3559 |      0 |   1 | 5315.0 |
       Dungeon |   5315 |   5315 |      0 |   3559 |      0 |   1 | 5315.0 |
               +--------+--------+--------+--------+--------+-----+--------+

Top non-repeatable levels by time:
       D: 5315 daAuts
